 Dungeon Crawl Stone Soup version 0.32-a0-871-ge202e49faa (webtiles) character file.

Game seed: 8769686346485351758

109 Griffin23 the Covered (level 4, 0/35 (41) HPs)
             Began as a Minotaur Fighter on Mar 30, 2024.
             Slain by a hell rat (1 damage)
             ... in a sewer.
             The game lasted 00:01:42 (1191 turns).

Griffin23 the Covered (Minotaur Fighter)            Turns: 1191, Time: 00:01:46

HP:   0/35 (41)     AC:  9    Str: 23    XL:     4   Next: 60%
MP:   3/3           EV:  7    Int:  5    God:
Gold: 101           SH:  0    Dex:  9    Spells: 3/3 levels left

rFire   . . .        a - +0 long sword
rCold   . . .        c - +0 buckler
rNeg    . . .        j - +0 chain mail
rPois   .            (helmet restricted)
rElec   .            (no cloak)
rCorr   .            (no gloves)
SInv    .            (no boots)
Will    .....        (no amulet) Stlth
                     (no ring)
HPRegen 0.25/turn    (no ring)
MPRegen 0.08/turn

%: no passive effects
@: confused, ambrosia-drunk, heavily drained
A: horns 2, retaliatory headbutt
a: no special abilities


You were in a sewer.
You visited 1 branch of the dungeon, and saw 3 of its levels.
You also visited: Sewer.

You collected 101 gold pieces.

Inventory:

Hand Weapons
 a - a +0 long sword (weapon)
Armour
 b - a +0 scale mail
 c - a +0 buckler (worn)
 j - a +0 chain mail (worn)
Jewellery
 l - a +6 ring of intelligence
Scrolls
 g - a scroll of amnesia {unknown}
 h - 4 scrolls of identify {unknown}
 m - a scroll of fog {unknown}
Potions
 d - a potion of might
 e - a potion of ambrosia
 f - a potion of lignification {unknown}
 i - a potion of heal wounds {unknown}
 k - a potion of curing {unknown}


   Skills:
 + Level 4.3 Fighting
 * Level 4.1 Long Blades
 + Level 4.3 Armour
 + Level 4.3 Shields


You had 3 spell levels left.
You didn't know any spells.
Your spell library contained the following spells:

 Spells                   Type           Power      Damage    Failure   Level
 Blink                    Tloc           0%         N/A       99%         2
 Lesser Beckoning         Tloc           0%         N/A       99%         2
 Momentum Strike          Conj/Tloc      0%         3d8       99%         2


Dungeon Overview and Level Annotations

Branches:
Dungeon (3/15)              Sewer (1/1)

Altars:
Ashenzari


Innate Abilities, Weirdness & Mutations

You have a pair of horns on your head.
You reflexively headbutt those who attack you in melee.


Message History

No target in view!
HP restored.
You enter the shallow water.
Moving in this stuff is going to be slow.
You enter the shallow water.
Moving in this stuff is going to be slow.
You enter the shallow water.
Moving in this stuff is going to be slow.
You enter the shallow water.
Moving in this stuff is going to be slow.
You open the door.
A hell rat comes into view.
The hell rat roars deafeningly!
The hell rat moves out of view.
Found four items.
Found a gate leading back out of this place.
Found three items.
The hell rat splashes around in the water.
The hell rat bites you!
You feel drained.
There is an open door here.
You barely miss the hell rat. The hell rat bites you.
You feel drained.
You barely miss the hell rat.
The hell rat splashes around in the water.
The hell rat closely misses you.
You hit the hell rat. You headbutt the hell rat!
The hell rat is severely wounded.
The hell rat bites you!
* * * LOW HITPOINT WARNING * * *
You feel drained.
* * * LOW HITPOINT WARNING * * *
You are too injured to fight recklessly!
You are too injured to fight recklessly!
It was a potion of ambrosia.
You are confused.
You feel invigorated.
The hell rat splashes around in the water.
The hell rat bites you.
* * * LOW HITPOINT WARNING * * *
You feel drained.
You die...

#########
###~..~~~.###
#~.~~~~~~~~.###
.~...##@##..~~.#
~.~ #~r~###~..##
~ .~~~~~~##~~~# r
#.~~~~~...#~.~#
.~##.!????~##~~.#
~~.###?∩?###~..##
.....#####~.~~~#
#~~~~~∩~..†.###
#~~~∩.~~###


You could see a hell rat.

Vanquished Creatures
  Natasha (D:3)
  3 adders
  A river rat (Sewer)
  A dart slug (D:3)
  A bat (D:1)
  An endoplasm (D:1)
  2 giant cockroaches
  9 goblins
  5 hobgoblins
  2 jackals (D:1)
  5 quokkas
  3 ball pythons (D:1)
  2 frilled lizards (D:2)
  3 kobolds
  6 rats
45 creatures vanquished.

Notes
Turn   | Place    | Note
-------+----------+-------------------------------------------
     0 | D:1      | Griffin23 the Minotaur Fighter began the quest for the Orb.
     0 | D:1      | Reached XP level 1. HP: 19/19 MP: 0/0
   174 | D:1      | Reached XP level 2. HP: 25/27 MP: 1/1
   565 | D:2      | Reached XP level 3. HP: 25/33 MP: 2/2
   744 | D:2      | Found a broken altar of Ashenzari.
   835 | D:2      | Identified the +4 short sword of Qazlal, Sheltering
                  | {protect, rC+ Str+5 Dex+4}
  1028 | D:3      | Noticed Natasha
  1030 | D:3      | Killed Natasha
  1031 | D:3      | Reached XP level 4. HP: 40/40 MP: 3/3
  1100 | D:3      | Found a glowing drain.
  1115 | Sewer    | Entered a sewer
  1191 | Sewer    | HP: 1/36 [hell rat (5)]
  1191 | Sewer    | Slain by a hell rat

Illustrated notes

Levels and vault maps discovered:
D:1:      dpeg_arrival_erosion, layout_rooms
D:2:      layout_basic, basic_altar
D:3:      layout_basic, mainiacjoe_overflow_catwalk_spiral,
          basic_ecumenical_altar, gup_sewer_entry_pipe, uniq_natasha
Sewer:    sewer_hellmonk_bad_rat

Skill      XL: |  1  2  3  4 |
---------------+-------------+-----
Long Blades    | 3 4 |  4.1
Fighting       | 4 |  4.3
Shields        | 4 |  4.3
Armour         | 4 |  4.3

Action                     |  1- 3 |  4- 6 || total
---------------------------+-------+-------++-------
  Melee: Long sword        |    56 |    41 ||    97
         Headbutt          |     8 |     4 ||    12
    Use: Potion            |       |     1 ||     1
 Armour: Scale mail        |    33 |       ||    33
         Chain mail        |    20 |    38 ||    58
  Dodge: Dodged            |    18 |    23 ||    41
  Block: Buckler           |    16 |     6 ||    22

Table legend: (Time is in decaauts)
 A = Elapsed time spent in this place.
 B = Non-inter-level travel time spent in this place.
 C = Inter-level travel time spent in this place.
 D = Time resting spent in this place.
 E = Time spent auto-exploring this place.
 F = Levels seen in this place.
 G = Mean time per level.
                   A        B        C        D        E       F      G
               +--------+--------+--------+--------+--------+-----+--------+
         Total |   1226 |   1178 |     48 |      0 |    888 |   4 |  306.5 |
       Dungeon |   1138 |   1090 |     48 |      0 |    840 |   3 |  379.3 |
         Sewer |     88 |     88 |      0 |      0 |     48 |   1 |   88.0 |
               +--------+--------+--------+--------+--------+-----+--------+

Top non-repeatable levels by time:
     D:1: 531 daAuts
     D:2: 476 daAuts
     D:3: 129 daAuts
   Sewer: 88 daAuts
